 Dungeon Crawl Stone Soup version 0.29-a0-541-gaf1fc19f1b (webtiles) character file.

Game seed: 1532145009425868408

10885 zishaf the Fighter (level 11, 0/89 HPs)
             Began as a Demigod Wanderer on June 2, 2022.
             Slain by a red ugly thing (10 damage)
             ... on level 10 of the Dungeon.
             The game lasted 00:30:22 (11853 turns).

zishaf the Fighter (Demigod Wanderer)              Turns: 11853, Time: 00:30:23

Health: 0/89       AC: 13    Str: 13    XL:     11   Next: 19%
Magic:  15/15      EV: 11    Int: 27    God:
Gold:   643        SH:  0    Dex: 12    Spells: 4/12 levels left

rFire   . . .      SeeInvis .   t - +1 whip (elec)
rCold   . . .      Faith    .   (no shield)
rNeg    . . .      Spirit   .   B - +2 robe {Will+}
rPois   .          Reflect  .   n - +2 helmet
rElec   .          Harm     .   y - +1 cloak
rCorr   .          Rampage  .   (no gloves)
Will    +++..      Rnd*Tele +   (no boots)
Stlth   +.........              i - amulet of magic regeneration
HPRegen 1.04/turn               d - +4 ring of protection
MPRegen 0.54/turn               C - ring of willpower

@: no status effects
A: high MP 1, forlorn, divine attributes, frail 1, regeneration 1, screaming 1,
teleportitis 1, MP-powered wands
a: no special abilities


You were on level 10 of the Dungeon.
You visited 1 branch of the dungeon, and saw 11 of its levels.
You also visited: Sewer and Ossuary.

You collected 818 gold pieces.
You spent 175 gold pieces at shops.

Inventory:

Hand Weapons
 a - a +3 quarterstaff of flaming
 e - the +7 Throatcutter {drain, coup de grace}
   (You found it on level 5 of the Dungeon)

   A truly terrible weapon, it drains the life of any living foe it strikes.
   It may instantly kill foes which have little health.
 t - a +1 whip of electrocution (weapon)
Missiles
 z - 2 throwing nets
Armour
 b - a +0 scale mail
 l - the +8 plate armour of Complete Protection {Will+}
   (You took it off a hobgoblin on level 2 of the Dungeon)

   Will:      It increases your willpower.
 n - a +2 helmet (worn)
 y - a +1 cloak (worn)
 B - a +2 robe of willpower (worn)
Magical Staves
 A - a staff of fire
Jewellery
 d - a +4 ring of protection (left hand)
 i - an amulet of magic regeneration (around neck)
 C - a ring of willpower (right hand)
Wands
 c - a wand of iceblast (5)
Scrolls
 g - a scroll of enchant armour
 h - 2 scrolls of enchant weapon
 j - 3 scrolls of amnesia
 q - 2 scrolls of fog
 u - a scroll of magic mapping
 w - a scroll of brand weapon
Potions
 m - a potion of cancellation
 o - 5 potions of curing
 p - 2 potions of brilliance
 r - a potion of flight
 s - a potion of resistance
 v - 4 potions of magic


   Skills:
 + Level 10.0 Fighting
 - Level 3.0(4.0) Maces & Flails
 - Level 4.0(4.4) Staves
 - Level 1.0 Throwing
 - Level 1.7 Armour
 - Level 1.0 Spellcasting
 + Level 8.2 Conjurations
 + Level 8.3 Fire Magic
 - Level 5.0 Evocations


You had 4 spell levels left.
You knew the following spells:

 Your Spells              Type           Power      Damage    Failure   Level
a - Flame Wave            Conj/Fire      46%        2d10      3%          4
A - Foxfire               Conj/Fire      100%       2x1d9     1%          1
B - Conjure Flame         Conj/Fire      46%        6-21      1%          3

Your spell library contained the following spells:

 Spells                   Type           Power      Damage    Failure   Level
 Inner Flame              Hex/Fire       23%        N/A       6%          3
 Beastly Appendage        Tmut           2%         N/A       11%         1
 Sting                    Tmut/Pois      4%         1d3       11%         1
 Poisonous Vapours        Pois/Air       2%         N/A       16%         2
 Wereblood                Tmut           1%         N/A       16%         2
 Fulminant Prism          Conj/Hex       11%        3d9       21%         4
 Iskenderun's Mystic Bla  Conj/Tloc      23%        2d6       21%         4
 Portal Projectile        Hex/Tloc       2%         N/A       32%         3
 Spider Form              Tmut/Pois      1%         N/A       32%         3
 Tukima's Dance           Hex            1%         N/A       32%         3
 Olgreb's Toxic Radiance  Pois           1%         N/A       71%         4
 Blade Hands              Tmut           0%         N/A       96%         5
 Lee's Rapid Deconstruct  Erth           0%         3d5*      96%         5


Dungeon Overview and Level Annotations

Branches:
Dungeon (11/15)            Temple (0/1) D:6            Lair (0/6) D:10
    Orc (0/2) D:9           Sewer (visited)         Ossuary (visited)

Shops:
D:1 ?   D:2 (   D:3 =   D:6 *   D:10 *

Annotations:
D:7 3 runed translucent doors, siradein's ghost, novice FoHu
D:9 3 runed translucent doors, xian's ghost, novice DrCj


Innate Abilities, Weirdness & Mutations

You have an increased reservoir of magic. (+10% MP)
You shall have no god before yourself.
Your divine heritage dramatically boosts your attributes as you level up.
You are frail. (-10% HP)
Your natural rate of healing is unusually fast.
You occasionally shout uncontrollably at your foes.
You are occasionally teleported next to monsters.
You expend magic power (3 MP) to strengthen your wands.


Message History

Press: ? - help, Dir - look around, f - activate A wave of flame ripples out!
The flame wave engulfs the acid dragon!
You kill the acid dragon! (Press . to intensify the flame waves.)
You start resting.
You are no longer corroded.
You start resting.
Magic restored.
You start resting.
HP restored.
You climb downwards.
The red ugly thing trunk-slaps you but does no damage.
There is a stone staircase leading up here.
The red ugly thing trunk-slaps you but does no damage.
You climb upwards.
There is a stone staircase leading down, spattered with blood here.
You closely miss the red ugly thing. The red ugly thing trunk-slaps you.
You are engulfed in flames!!
You hit the red ugly thing but do no damage.
Lightning courses through the red ugly thing!
The red ugly thing is lightly wounded.
The red ugly thing trunk-slaps you!
You are engulfed in flames!!
You hit the red ugly thing but do no damage.
The red ugly thing is lightly wounded.
The red ugly thing trunk-slaps you but does no damage.
You closely miss the red ugly thing.
The red ugly thing is lightly wounded.
The red ugly thing trunk-slaps you but does no damage.
You closely miss the red ugly thing.
The red ugly thing is lightly wounded.
The red ugly thing trunk-slaps you!
You are engulfed in flames!!
* * * LOW HITPOINT WARNING * * *
You hit the red ugly thing.
Lightning courses through the red ugly thing!
The red ugly thing is heavily wounded.
The red ugly thing trunk-slaps you but does no damage.
You hit the red ugly thing but do no damage.
The red ugly thing is heavily wounded.
The red ugly thing trunk-slaps you!
You die...

#...# #.# ###.#.## #...#
###.###....... ######...###
#.......#.#.#.
...........#########.#.#.#...#...
.#.#..#.##.##.?......#.##.##.#.##
.#.#.......##.#####..#....##<..#
.................##..####.######
.#......##)##...u....####.#
.....>.....##.##@##.......#
........##.##.......#######
)..#.......##.##.##.#
#######.#####.##.##.# # ###.###
#.......# # #.....# ####.####
#####.....# #.# ...##.....# #.#
##.##.....# ###.#####


You could see a red ugly thing.

Vanquished Creatures
  4 death yaks (D:10)
  A manticore (D:8)
  Joseph (D:7)
  A troll (D:8)
  A shadow (D:9)
  6 yaks
  3 wyverns
  A steam dragon (D:6)
  2 water moccasins
  3 acid dragons
  Duvessa (D:7)
  9 orc warriors
  An ice beast (D:6)
  A wolf (D:6)
  3 centaurs
  A phantom (D:5)
  10 kobold brigands
  2 bullfrogs
  4 scorpions
  7 wights
  Dowan (D:7)
  21 killer bees
  3 howler monkeys
  8 orc priests
  A gnoll shaman (D:8)
  3 hounds
  An iguana (D:6)
  Ijyb (D:3)
  Natasha (thrice) (D:4)
  7 orc wizards
  8 mummies (Ossuary)
  8 adders
  7 gnolls
  2 river rats (D:6)
  2 white imps
  4 ufetubi
  3 dart slugs
  36 orcs
  8 bats
  6 endoplasms
  12 giant cockroaches
  8 goblins
  6 hobgoblins
  7 jackals (D:1)
  7 ball pythons
  3 frilled lizards
  2 hobgoblin zombies (Ossuary)
  22 kobolds
  A kobold zombie (Ossuary)
  5 orc zombies (Ossuary)
  3 rats
271 creatures vanquished.

Vanquished Creatures (collateral kills)
  A death yak (D:10)
1 creature vanquished.

Vanquished Creatures (others)
  14 foxfires (D:8)
  A fungus (D:7)
  7 plants
22 creatures vanquished.

Grand Total: 294 creatures vanquished

Notes
Turn   | Place    | Note
-------+----------+-------------------------------------------
     0 | D:1      | zishaf the Demigod Wanderer began the quest for the Orb.
     0 | D:1      | zishaf set off with the following items: a +2 quarterstaff,
                  | a +0 scale mail, a potion of berserk rage; and the
                  | following spell memorised: Foxfire; and the following
                  | spells available to memorise: Inner Flame
     0 | D:1      | Reached XP level 1. HP: 16/16 MP: 4/4
   222 | D:1      | Reached XP level 2. HP: 21/23 MP: 5/5
   315 | D:1      | Reached skill level 1 in Conjurations
   741 | D:1      | You fall into a shaft and drop 1 floor!
   747 | D:2      | Reached XP level 3. HP: 29/29 MP: 6/6
   966 | D:1      | Found Tupouwn's Magic Scroll Emporium.
  1100 | D:2      | Found Quuvyeng's Weapon Boutique.
  1274 | D:2      | Identified the +8 plate armour of Complete Protection
                  | {Will+}
  1288 | D:2      | Reached skill level 2 in Fighting
  1684 | D:3      | Noticed Ijyb
  1711 | D:3      | HP: 2/45 [Ijyb/+0 dagger (2)]
  1713 | D:3      | Killed Ijyb
  1714 | D:3      | Reached XP level 4. HP: 3/37 MP: 8/8
  2173 | D:3      | Found Pikhehet's Jewellery Shop.
  2590 | D:4      | Reached skill level 3 in Fighting
  2590 | D:4      | Reached XP level 5. HP: 2/45 MP: 9/9
  2624 | D:4      | Found a sand-covered staircase.
  2800 | Ossuary  | Entered an ossuary
  3551 | D:4      | Noticed Natasha
  3561 | D:4      | Killed Natasha
  3565 | D:4      | Reached XP level 6. HP: 46/52 MP: 10/10
  3708 | D:4      | Reached skill level 4 in Fighting
  3913 | D:4      | Noticed Natasha
  3922 | D:4      | Killed Natasha
  3947 | D:4      | Noticed Natasha
  3958 | D:4      | Killed Natasha
  4129 | D:5      | Entered Level 5 of the Dungeon
  4343 | D:5      | Found the +7 Throatcutter {drain, coup de grace}
  4375 | D:5      | Reached skill level 1 in Maces & Flails
  4375 | D:5      | Reached XP level 7. HP: 22/60 MP: 11/11
  4424 | D:5      | Reached skill level 5 in Fighting
  4430 | D:5      | HP: 3/61 [poisoned by a kobold brigand]
  4445 | D:5      | HP: 4/91 [kobold brigand/+0 club (1)]
  5255 | D:5      | Reached XP level 8. HP: 61/69 MP: 12/12
  5351 | D:5      | Reached skill level 5 in Evocations
  5646 | D:6      | Found Tiyduiz's General Store.
  5666 | D:6      | Bought a potion of curing for 42 gold pieces
  5688 | D:6      | Found a staircase to the Ecumenical Temple.
  5696 | D:6      | Reached skill level 6 in Fighting
  5726 | D:6      | Found a glowing drain.
  5771 | Sewer    | Entered a sewer
  5961 | Sewer    | Gained mutation: You have a pair of small horns on your
                  | head. [potion of mutation]
  5961 | Sewer    | Gained mutation: You have large cloven feet. [potion of
                  | mutation]
  5961 | Sewer    | Gained mutation: You sometimes lose the ability to read
                  | scrolls when taking damage. [potion of mutation]
  5962 | Sewer    | Lost mutation: You have a pair of small horns on your head.
                  | [potion of mutation]
  5962 | Sewer    | Lost mutation: You sometimes lose the ability to read
                  | scrolls when taking damage. [potion of mutation]
  5962 | Sewer    | Gained mutation: You have hidden genetic defects. [potion
                  | of mutation]
  5962 | Sewer    | Gained mutation: You expend magic power (3 MP) to
                  | strengthen your wands. [potion of mutation]
  5962 | Sewer    | Gained mutation: You are partially covered in iridescent
                  | scales. (AC +2) [potion of mutation]
  5963 | Sewer    | Lost mutation: You are partially covered in iridescent
                  | scales. (AC +2) [potion of mutation]
  5963 | Sewer    | Lost mutation: You expend magic power (3 MP) to strengthen
                  | your wands. [potion of mutation]
  5963 | Sewer    | Lost mutation: You have large cloven feet. [potion of
                  | mutation]
  5963 | Sewer    | Gained mutation: Your natural rate of healing is unusually
                  | fast. [potion of mutation]
  5963 | Sewer    | Gained mutation: You are occasionally teleported next to
                  | monsters. [potion of mutation]
  5963 | Sewer    | Gained mutation: You expend magic power (3 MP) to
                  | strengthen your wands. [potion of mutation]
  6237 | D:6      | Gained mutation: You occasionally shout uncontrollably at
                  | your foes. [hidden defects]
  6867 | D:7      | Gained mutation: You are frail. (-10% HP) [hidden defects]
  6867 | D:7      | Lost mutation: You have hidden genetic defects. [hidden
                  | defects expressed]
  6878 | D:7      | Noticed Joseph
  6894 | D:7      | Noticed Duvessa
  6907 | D:7      | Found a runed translucent gate.
  6908 | D:7      | Found a runed translucent gate.
  6909 | D:7      | Found a runed translucent gate.
  6912 | D:7      | Noticed siradein's ghost (novice FoHu)
  7195 | D:7      | Noticed Dowan
  7213 | D:7      | Killed Duvessa
  7214 | D:7      | Reached skill level 7 in Fighting
  7214 | D:7      | Reached XP level 9. HP: 63/71 MP: 10/13
  7235 | D:7      | Killed Dowan
  7347 | D:7      | Killed Joseph
  7669 | D:8      | Reached skill level 5 in Fire Magic
  7787 | D:8      | Reached skill level 5 in Conjurations
  8491 | D:8      | Noticed a manticore
  8504 | D:8      | Killed a manticore
  8505 | D:8      | Reached skill level 8 in Fighting
  9062 | D:9      | Reached XP level 10. HP: 78/80 MP: 14/14
  9153 | D:9      | Found a runed translucent gate.
  9153 | D:9      | Found a runed translucent gate.
  9153 | D:9      | Found a runed translucent gate.
  9153 | D:9      | Noticed a centaur warrior
  9154 | D:9      | Noticed xian's ghost (novice DrCj)
  9154 | D:9      | Noticed a two-headed ogre
  9792 | D:9      | Reached skill level 9 in Fighting
  9941 | D:9      | Found a staircase to the Orcish Mines.
 10138 | D:10     | Entered Level 10 of the Dungeon
 10511 | D:10     | Found Bopoczo's General Store.
 10514 | D:10     | Bought a scroll of summoning for 133 gold pieces
 10514 | D:10     | Noticed a death yak
 10514 | D:10     | Noticed a death yak
 10543 | D:10     | Killed a death yak
 10549 | D:10     | Killed a death yak
 10671 | D:10     | Found a staircase to the Lair.
 10671 | D:10     | Noticed a death yak
 10671 | D:10     | Noticed a death yak
 10671 | D:10     | Noticed a death yak
 10721 | D:10     | Killed a death yak
 10722 | D:10     | Reached XP level 11. HP: 32/89 MP: 15/15
 10723 | D:10     | Killed a death yak
 11438 | D:10     | Learned a level 4 spell: Flame Wave
 11442 | D:10     | Learned a level 3 spell: Conjure Flame
 11481 | D:11     | Noticed a seven-headed hydra
 11535 | D:10     | HP: 1/89 [death yak (21)]
 11564 | D:10     | Killed a death yak
 11565 | D:10     | Reached skill level 10 in Fighting
 11853 | D:10     | Slain by a red ugly thing

Illustrated notes

Levels and vault maps discovered:
D:1:      heliophobic_arrival_glass_houses, layout_basic, serial_shops, shop
D:2:      layout_rooms, serial_shops, shop
D:3:      layout_basic, led_sif_pool, hellmonk_ecumenical_altar_prayer_group,
          serial_shops, shop, uniq_ijyb
D:4:      layout_cave_pools, nicolae_ossuary_entry_plus, minmay_misc_feat_iff,
          nrook_campfire, guppyfry_early_lair_pool, uniq_natasha
D:5:      layout_loops_corners, dilly_guarded_unrand_throatcut
D:6:      layout_loops_ring, minmay_temple_entry_large_hall, serial_shops,
          nicolae_shop_stone, portal_sewer_entry_b, kennysheep_generic_room_12
D:7:      layout_basic, gammafunk_ghost_nasty_kobolds, uniq_duvessa, uniq_joseph
D:8:      layout_basic
D:9:      layout_loops_corners, david_orc_5, gammafunk_ghost_split,
          amcnicky_mini_rare_corridor_liquid, minmay_misc_feat_nine_boxes
D:10:     layout_loops_cross, dpeg_lair_monsters, serial_shops,
          nicolae_shop_behind_doors, minmay_fountain_box
D:11:     layout_roguey, nicolae_dithmenos_the_darkroom, uniq_fannar

Skill      XL: |  1  2  3  4  5  6  7  8  9 10 11 |
---------------+----------------------------------+-----
Conjurations   | 1 4 6 7 8 |  8.2
Fighting       | 2 3 4 5 7 8 9 10 | 10.0
Fire Magic     | 2 4 6 7 8 |  8.3
Staves         | 3 4 |  4.0
Evocations     | 2 3 4 5 |  5.0
Maces & Flails | 1 3 |  3.0
Throwing       | |  1.0
Armour         | |  1.7
Spellcasting   | |  1.0

Action                   |  1- 3 |  4- 6 |  7- 9 | 10-12 || total
-------------------------+-------+-------+-------+-------++-------
Melee: Quarterstaff      |   121 |   144 |       |       ||   265
       Whip              |       |    23 |   685 |   492 ||  1200
       Punch             |       |     1 |    12 |    10 ||    23
 Cast: Foxfire           |       |       |     7 |       ||     7
       Flame Wave        |       |       |       |     2 ||     2
Evoke: Wand              |       |       |     7 |    11 ||    18
  Use: Potion            |     1 |    10 |    12 |     3 ||    26
       Scroll            |       |     9 |     7 |    10 ||    26
 Stab: Invisible         |       |       |     1 |     3 ||     4
Armor: Scale mail        |    73 |       |       |       ||    73
       Plate armour      |    28 |   164 |   656 |   341 ||  1189
       Skin              |       |       |    74 |    53 ||   127
       Robe              |       |       |       |    20 ||    20
Dodge: Dodged            |    25 |    30 |   115 |    91 ||   261

Table legend: (Time is in decaauts)
 A = Elapsed time spent in this place.
 B = Non-inter-level travel time spent in this place.
 C = Inter-level travel time spent in this place.
 D = Time resting spent in this place.
 E = Time spent auto-exploring this place.
 F = Levels seen in this place.
 G = Mean time per level.
                   A        B        C        D        E       F      G
               +--------+--------+--------+--------+--------+-----+--------+
         Total |  11805 |  11384 |    421 |   1745 |   6280 |  13 |  908.1 |
       Dungeon |  10762 |  10341 |    421 |   1385 |   6023 |  11 |  978.4 |
         Sewer |    395 |    395 |      0 |     90 |     85 |   1 |  395.0 |
       Ossuary |    646 |    646 |      0 |    270 |    172 |   1 |  646.0 |
               +--------+--------+--------+--------+--------+-----+--------+

Top non-repeatable levels by time:
    D:10: 1558 daAuts
     D:5: 1539 daAuts
     D:9: 1408 daAuts
     D:8: 1233 daAuts
     D:1: 988 daAuts
     D:3: 964 daAuts
     D:4: 905 daAuts
     D:7: 866 daAuts
     D:2: 656 daAuts
 Ossuary: 646 daAuts
     D:6: 633 daAuts
   Sewer: 395 daAuts
    D:11: 8 daAuts
